 Dungeon Crawl Stone Soup version 0.29-a0-474-gdfe5cd140f (webtiles) character file.

Game seed: 5103756593920072837

571 roflturtle the Firebug (level 7, 0/36 HPs)
             Began as a Tengu Fire Elementalist on May 23, 2022.
             Slain by an ufetubus (3 damage)
             ... on level 5 of the Dungeon.
             The game lasted 00:17:02 (5144 turns).

roflturtle the Firebug (Tengu Fire Elementalist)    Turns: 5144, Time: 00:17:03

Health: 0/36       AC:  3    Str:  8    XL:     7   Next: 34%
Magic:  13/14      EV: 14    Int: 18    God:
Gold:   132        SH:  0    Dex: 14    Spells: 3/14 levels left

rFire   . . .      SeeInvis .   k - +7 hand axe of Courage {protect, Drain rC+ rCorr}
rCold   + . .      Faith    .   (no shield)
rNeg    . . .      Spirit   .   a - +0 robe
rPois   .          Reflect  .   (helmet restricted)
rElec   .          Harm     .   (no cloak)
rCorr   +          Rampage  .   q - +0 pair of gloves
Will    .....                   (boots unavailable)
Stlth   ++........              (no amulet)
HPRegen 0.12/turn               (no ring)
MPRegen 0.14/turn               (no ring)

@: flying quickly and evasively, quick
A: beak, talons 3, nimble flight
a: no special abilities


You were on level 5 of the Dungeon.
You visited 1 branch of the dungeon, and saw 5 of its levels.

You collected 132 gold pieces.

Inventory:

Hand Weapons
 e - a +0 dagger
 g - a +0 short sword
 k - the +7 hand axe of Courage (weapon) {protect, Drain rC+ rCorr}
   (You found it on level 2 of the Dungeon)

   It grants its wielder temporary protection when it strikes (+7 to AC).
   rC:        It protects you from cold.
   rCorr:     It protects you from acid and corrosion.
   Drain:     It drains your maximum health when unequipped.
 p - a +2 spear of venom
Armour
 a - a +0 robe (worn)
 q - a +0 pair of gloves (worn)
Wands
 u - a wand of paralysis (10)
 y - a wand of charming (8)
Scrolls
 f - 2 scrolls of immolation {unknown}
 h - 2 scrolls of amnesia {unknown}
 m - a scroll of teleportation {unknown}
 n - a scroll of brand weapon {unknown}
 s - 2 scrolls of noise {unknown}
 t - 2 scrolls of poison {unknown}
 v - 2 scrolls of identify {unknown}
 x - a scroll of enchant armour {unknown}
 z - a scroll of fog {unknown}
Potions
 b - a potion of magic
 c - 3 potions of curing {unknown}
 d - a potion of haste {unknown}
 i - 2 potions of flight {unknown}
 j - a potion of degeneration {unknown}
 l - 2 potions of resistance {unknown}
 o - a potion of mutation {unknown}
 r - 2 potions of invisibility {unknown}
 w - a potion of lignification {unknown}


   Skills:
 - Level 2.1 Dodging
 - Level 2.0 Stealth
 - Level 4.1 Spellcasting
 - Level 3.0 Conjurations
 - Level 3.0 Hexes
 + Level 5.7 Fire Magic


You had 3 spell levels left.
You knew the following spells:

 Your Spells              Type           Power      Damage    Failure   Level
a - Foxfire               Conj/Fire      76%        2x1d7     2%          1
b - Scorch                Fire           48%        2d7       1%          2
c - Inner Flame           Hex/Fire       19%        N/A       7%          3
d - Blink                 Tloc           6%         N/A       22%         2
e - Conjure Flame         Conj/Fire      19%        6-21      8%          3

Your spell library contained the following spells:

 Spells                   Type           Power      Damage    Failure   Level
 Slow                     Hex            56%        N/A       4%          1
 Confusing Touch          Hex            14%        N/A       12%         3
 Summon Guardian Golem    Hex/Summ       9%         N/A       24%         3
 Gell's Gravitas          Tloc           3%         N/A       41%         3
 Lesser Beckoning         Tloc           3%         N/A       41%         3
 Teleport Other           Tloc           3%         N/A       41%         3
 Vampiric Draining        Necr           3%         2d6       41%         3
 Flame Wave               Conj/Fire      19%        2d6       24%         4
 Summon Lightning Spire   Summ/Air       3%         N/A       82%         4
 Manifold Assault         Tloc           3%         N/A       99%         5
 Orb of Destruction       Conj           7%         9d6       100%        7
 Spellforged Servitor     Conj/Summ      4%         N/A       100%        7
 Storm Form               Tmut/Air       1%         N/A       100%        7
 Maxwell's Capacitive Co  Air            1%         ∞         100%        8


Dungeon Overview and Level Annotations

Branches:
Dungeon (5/15)
 Temple: D:4-7

Altars:


Innate Abilities, Weirdness & Mutations

You have a beak for a mouth.
You have claws for feet.
Your magical nature lets you fly swiftly and evasively.


Message History

An ogre is nearby!
Something bites the plant.
The plant begins to die.
The plant is poisoned.
Something poisons the plant!
An adder comes into view.
The adder hisses angrily.
The adder misses you. The adder bites you.
You are poisoned.
The adder poisons you!
You hit the adder.
Your weapon exudes an aura of protection.
The adder is moderately wounded.
You feel sick. The adder closely misses you.
You miss the adder. Your kick misses the adder.
The adder is moderately wounded.
You feel sick. The adder misses you. The adder barely misses you.
The ogre hits you with a +0 giant club!
You hit the adder but do no damage.
The adder is moderately wounded.
You hit the ogre.
You feel sick. The adder bites you.
* * * LOW HITPOINT WARNING * * *
The adder barely misses you.
Casting: Foxfire (safe; 2% risk of failure)
Confirm with . or Enter, or press ? or * to list all spells.
You blink.
You feel sick.
You are no longer poisoned.
The adder attacks as you move away! The adder bites you but does no damage.
An ufetubus comes into view.
The ufetubus hits you but does no damage.
The ufetubus closely misses you. The adder bites you.
* * * LOW HITPOINT WARNING * * *
The ufetubus attacks as you move away! The ufetubus closely misses you. x2
Found a quarterstaff.
The ufetubus misses you. The ufetubus hits you.
* * * LOW HITPOINT WARNING * * *
You feel stable enough to blink again.
An orc comes into view. It is wielding a +0 club.
The ufetubus hits you but does no damage.
The ufetubus barely misses you.
Found a jewelled copper wand.
The ufetubus attacks as you move away! The ufetubus hits you.
You die...

###+#....... ##.#.#
#........... # ....#
#........... .
.##...#####...........
.. ...............<.....
...##....#########.#####
/.............. #.#....
..###..o.......#.#.#.###
.......@5#####.#.#.#
.........S..O....#.#
..######....##.###.#
........##.###.#
#####...##.O.O.#
.....######## ......#
........ ....)....


You could see an ogre, an adder, an orc and an ufetubus.

Vanquished Creatures
  A black bear (D:5)
  A necrophage (D:4)
  2 scorpions (D:4)
  A howler monkey (D:3)
  An orc priest (D:4)
  A hound (D:4)
  An iguana (D:2)
  A gnoll (D:1)
  7 adders
  5 worms (D:2)
  2 dart slugs
  7 orcs (D:4)
  8 ball pythons
  9 endoplasms
  3 giant cockroaches
  5 goblins
  6 hobgoblins
  4 jackals (D:5)
  3 quokkas
  3 bats
  6 frilled lizards
  9 kobolds
  5 rats
91 creatures vanquished.

Vanquished Creatures (collateral kills)
  3 foxfires
3 creatures vanquished.

Vanquished Creatures (others)
  358 foxfires
  7 plants (D:5)
365 creatures vanquished.

Grand Total: 459 creatures vanquished

Notes
Turn   | Place    | Note
-------+----------+-------------------------------------------
     0 | D:1      | roflturtle the Tengu Fire Elementalist began the quest for
                  | the Orb.
     0 | D:1      | Reached XP level 1. HP: 10/10 MP: 4/4
   195 | D:1      | Reached XP level 2. HP: 15/15 MP: 1/6
   248 | D:1      | Learned a level 2 spell: Scorch
   870 | D:1      | Reached XP level 3. HP: 19/19 MP: 4/7
  1235 | D:1      | Found a faded altar of an unknown god.
  1359 | D:2      | Learned a level 3 spell: Inner Flame
  1468 | D:2      | Reached XP level 4. HP: 24/24 MP: 0/9
  1621 | D:2      | Reached skill level 4 in Fire Magic
  1981 | D:2      | Identified the +7 hand axe of Courage {protect, Drain rC+
                  | rCorr}
  2453 | D:2      | Gained mutation: Your magical nature lets you fly swiftly
                  | and evasively. [Tengu growth]
  2453 | D:2      | Reached XP level 5. HP: 28/28 MP: 5/10
  2596 | D:2      | Reached skill level 5 in Fire Magic
  3042 | D:3      | Reached skill level 1 in Hexes
  3845 | D:4      | Reached XP level 6. HP: 21/32 MP: 3/11
  4539 | D:4      | Reached XP level 7. HP: 33/36 MP: 6/13
  4680 | D:4      | Learned a level 2 spell: Blink
  4684 | D:4      | Learned a level 3 spell: Conjure Flame
  4933 | D:5      | Entered Level 5 of the Dungeon
  5144 | D:5      | Slain by an ufetubus

Illustrated notes

Levels and vault maps discovered:
D:1:      scummos_arrival_forest, layout_basic, basic_ecumenical_altar
D:2:      layout_basic
D:3:      layout_basic, kennysheep_crisscross, grunt_decor_arrowhead,
          minmay_three_crescents
D:4:      layout_basic, kennysheep_generic_room_10
D:5:      layout_basic, ebering_ghost_disaster_area, serial_bayou_lake_a,
          uniq_menkaure

Skill      XL: |  1  2  3  4  5  6  7 |
---------------+----------------------+-----
Conjurations   | 2 3 |  3.0
Spellcasting   | 3 4 |  4.1
Fire Magic     | 4 5 |  5.7
Hexes          | 2 3 |  3.0
Dodging        | |  2.1
Stealth        | |  2.0

Action                   |  1- 3 |  4- 6 |  7- 9 || total
-------------------------+-------+-------+-------++-------
Melee: Kick              |     1 |     4 |     1 ||     6
       Dagger            |     1 |       |       ||     1
       Short sword       |     2 |     2 |       ||     4
       Hand axe          |       |    14 |     7 ||    21
       Peck              |       |       |     1 ||     1
 Cast: Foxfire           |    57 |   126 |    28 ||   211
       Scorch            |     1 |     6 |       ||     7
       Inner Flame       |       |     2 |       ||     2
       Blink             |       |       |     1 ||     1
 Stab: Sleeping          |       |     4 |       ||     4
Armor: Robe              |     1 |     4 |     4 ||     9
Dodge: Dodged            |     1 |    18 |    16 ||    35

Table legend: (Time is in decaauts)
 A = Elapsed time spent in this place.
 B = Non-inter-level travel time spent in this place.
 C = Inter-level travel time spent in this place.
 D = Time resting spent in this place.
 E = Time spent auto-exploring this place.
 F = Levels seen in this place.
 G = Mean time per level.
                   A        B        C        D        E       F      G
               +--------+--------+--------+--------+--------+-----+--------+
         Total |   4984 |   4867 |    117 |      0 |   4279 |   5 |  996.8 |
       Dungeon |   4984 |   4867 |    117 |      0 |   4279 |   5 |  996.8 |
               +--------+--------+--------+--------+--------+-----+--------+

Top non-repeatable levels by time:
     D:2: 1585 daAuts
     D:1: 1338 daAuts
     D:4: 1068 daAuts
     D:3: 790 daAuts
     D:5: 201 daAuts
